Map: Dusty Gorge

Players

MKultra

  • Race: Zerg Zerg
  • Spawn Location: 11:00

PorkTech

  • Race: Zerg Zerg
  • Spawn Location: 9:00

llllllllllll - Winner!

  • Race: Protoss Protoss
  • League: Master
  • Spawn Location: 3:00

KYCHEN - Winner!

  • Race: Zerg Zerg
  • League: Master
  • Spawn Location: 5:00

VOD

Have the link to the VOD?

Description

Time

  • Played on: Nov. 25, 2019, 5:59 a.m.
  • Length: 13:02
Show
View Real Time Build Order
Export as new Build Order

MKultra Zerg 

Build Orders: Pool First, Swarm Host 

Get SALT Encoding   

  12  0:00  Drone  
  13  0:14  Drone  
  13  0:19  Overlord  
  14  0:32  Extractor  
  14  0:33  Extractor, Drone x2  
  15  0:38  Drone  
  16  0:58  Drone x2  
  18  1:06  Spawning Pool  
  17  1:27  Hatchery, Drone  
  17  1:30  Drone  
  18  1:35  Drone  
  19  1:42  Drone  
  20  1:55  Spine Crawler  
  20  1:57  Spine Crawler  
  20  1:58  Drone  
  19  2:09  Lair  
  19  2:13  Drone  
  20  2:16  Drone  
  21  2:23  Spore Crawler  
  21  2:25  Drone  
  21  2:31  Extractor  
  21  2:35  Drone  
  21  2:39  Drone  
  22  2:46  Spine Crawler  
  22  2:50  Drone x2  
  23  3:20  Infestation Pit  
  23  3:22  Nydus Network  
  23  3:23  Zergling x10  
  23  3:26  Zergling x2  
  27  3:39  Overlord  
  27  4:14  Swarm Host  
  27  4:15  Swarm Host x2  
  27  4:17  Overlord x2  
  35  4:35  Overlord  
  35  4:36  Swarm Host x2  
  41  4:42  Infestor  
  38  4:54  Nydus Canal  
  38  5:07  Nydus Canal  
  38  5:10  Zergling x10  
  43  5:34  Nydus Canal  
  43  5:46  Swarm Host x2  
  43  5:48  Zergling x8  
  53  5:54  Nydus Canal  
  48  6:11  Zergling x2, Swarm Host  
  39  6:12  Zergling x4  
  45  6:24  Nydus Canal  
  45  6:26  Zergling x4  
  47  6:39  Nydus Canal  
  47  6:44  Hatchery  
  37  7:15  Nydus Canal  
  36  7:18  Infestor  
  36  7:19  Zergling x10  
  43  7:44  Nydus Canal  
  43  7:45  Swarm Host  
  43  7:46  Swarm Host x2  
  43  7:47  Zergling x2  
  52  7:57  Drone x2  
  53  7:59  Drone  
  54  8:15  Nydus Canal  
  48  8:49  Swarm Host x3  
  48  8:50  Zergling x4  
  48  8:51  Zergling x8  
  48  8:54  Extractor  
  48  8:55  Extractor, Overseer  
  61  9:04  Nydus Canal  
  61  9:18  Nydus Canal  
  56  9:46  Nydus Canal  
  56  9:47  Swarm Host x2  
  56  9:49  Zergling x8  
  56  9:50  Overlord x3  
  65  10:19  Nydus Canal  
  65  10:20  Infestor  
  67  10:22  Zergling x12  
  64  11:22  Nydus Canal  
  52  11:33  Swarm Host x4  
  52  11:34  Zergling x2, Swarm Host x2  
  52  11:35  Zergling x2  
  52  11:38  Overseer x2  
  56  11:52  Nydus Canal  
  46  12:02  Overseer  
  46  12:06  Nydus Canal  
Show
View Real Time Build Order
Export as new Build Order

PorkTech Zerg 

Build Orders: Hatch First 

Get SALT Encoding   

  12  0:01  Drone  
  13  0:08  Drone  
  14  0:18  Overlord  
  14  0:26  Extractor  
  14  0:27  Drone  
  15  0:37  Drone  
  15  0:38  Drone  
  17  0:57  Hatchery  
  16  1:10  Spawning Pool  
  15  1:14  Extractor  
  15  1:15  Drone  
  15  1:19  Drone  
  15  1:22  Drone  
  17  1:26  Drone  
  18  1:38  Drone  
  19  1:48  Overlord  
  19  1:59  Zergling x2  
  20  2:02  Queen  
  22  2:11  Zergling x2  
  22  2:13  Zergling x2  
  22  2:15  Queen  
  26  2:22  Metabolic Boost  
  26  2:24  Drone x2  
  28  2:31  Zergling x2  
  28  2:32  Zergling x2  
  30  2:43  Drone x2  
  32  2:48  Spine Crawler  
  31  2:56  Drone, Overlord  
  32  3:04  Queen  
  34  3:06  Drone  
  35  3:14  Drone  
  37  3:20  Drone x4  
  37  3:23  Drone  
  41  3:28  Spore Crawler  
  41  3:32  Drone x2  
  42  3:35  Drone  
  43  3:52  Hatchery  
  42  3:57  Spore Crawler, Drone  
  42  3:58  Drone  
  42  4:00  Drone  
  44  4:04  Overlord  
  44  4:21  Baneling Nest  
  42  4:27  Zergling x2  
  42  4:28  Zergling x18  
  52  4:41  Overlord x2  
  52  4:57  Extractor  
  52  4:58  Zergling x2  
  52  4:59  Overlord  
  52  5:00  Overlord  
  52  5:09  Zergling x2  
  52  5:10  Zergling x4  
  52  5:12  Extractor  
  52  5:13  Extractor  
  53  5:18  Zergling x2  
  54  5:25  Zergling x2  
  54  5:26  Zergling x8  
  59  5:29  Baneling  
  59  5:30  Baneling x10  
  59  5:32  Lair  
  59  5:33  Zergling x2, Spore Crawler  
  59  5:34  Zergling x4, Drone  
  62  5:39  Drone x2  
  62  5:40  Zergling x2  
  65  5:48  Drone x3  
  69  5:50  Zergling x2  
  69  6:00  Overlord  
  69  6:08  Drone x2  
  69  6:09  Drone x4  
  75  6:18  Drone  
  76  6:21  Drone x2  
  76  6:22  Drone x3  
  76  6:23  Drone  
  82  6:37  Zergling x2, Spire  
  82  6:38  Zergling x6  
  82  6:39  Zergling x2  
  86  6:40  Zergling x2  
  86  6:43  Baneling x2  
  86  6:44  Baneling x2  
  87  6:49  Extractor  
  87  6:51  Extractor  
  85  6:55  Hydralisk Den  
  85  6:56  Drone x3  
  85  6:57  Drone, Evolution Chamber  
  85  6:59  Drone  
  88  7:11  Zergling x2  
  89  7:20  Zergling x18  
  98  7:26  Baneling x6  
  98  7:37  Overlord x3  
  98  7:40  Hatchery  
  97  7:51  Overlord  
  97  7:52  Overlord x2  
  97  7:53  Drone  
  97  7:58  Zerg Missile Weapons Level 1  
  98  7:59  Muscular Augments  
  98  8:00  Hydralisk x2  
  102  8:07  Hydralisk x2  
  102  8:09  Drone x2  
  102  8:11  Drone  
  109  8:14  Hydralisk  
  110  8:26  Hydralisk  
  110  8:27  Hydralisk x3  
  95  8:31  Hydralisk  
  95  8:32  Hydralisk  
  101  8:40  Hydralisk x2  
  105  8:44  Overseer  
  105  8:47  Zergling x2  
  105  8:48  Zergling x10  
  111  8:51  Overseer  
  111  8:55  Zergling x8  
  113  9:04  Hydralisk  
  106  9:15  Hydralisk  
  106  9:16  Hydralisk x3  
  95  9:27  Hydralisk x2  
  90  9:32  Hydralisk  
  90  9:33  Zergling x2  
  90  9:34  Zergling x14  
  88  9:48  Hydralisk  
  88  9:49  Hydralisk x3  
  79  10:00  Baneling x2  
  79  10:03  Queen  
  81  10:11  Overseer x2  
  72  10:23  Mutalisk  
  72  10:24  Zergling x4  
  59  10:36  Overseer x3  
  59  10:39  Queen  
  4  12:43  Drone x3  
Show
View Real Time Build Order
Export as new Build Order

llllllllllll Protoss - Winner!

Build Orders: Carriers 

Get SALT Encoding   

  12  0:01  Probe  
  13  0:13  Probe  
  14  0:21  Pylon  
  14  0:26  Probe  
  15  0:39  Probe (Chrono Boost)  
  15  0:40  Gateway  
  16  0:48  Probe (Chrono Boost)  
  17  0:50  Assimilator  
  17  0:53  Probe (Chrono Boost)  
  18  1:04  Assimilator  
  18  1:05  Probe (Chrono Boost)  
  19  1:14  Probe (Chrono Boost)  
  20  1:19  Gateway  
  20  1:20  Probe  
  21  1:28  Cybernetics Core  
  21  1:55  Nexus  
  21  2:04  Warp Gate (Chrono Boost)  
  21  2:05  Pylon  
  21  2:06  Sentry  
  23  2:20  Pylon  
  23  2:23  Probe  
  23  2:25  Sentry  
  26  2:35  Probe  
  26  2:36  Adept  
  29  2:44  Gateway  
  29  2:47  Probe  
  30  2:52  Sentry  
  32  3:00  Probe  
  33  3:06  Adept  
  33  3:08  Pylon  
  33  3:10  Probe  
  33  3:12  Probe  
  37  3:22  Probe  
  37  3:24  Probe  
  37  3:26  Stargate  
  39  3:35  Probe  
  39  3:36  Probe  
  41  3:45  Zealot  
  41  3:48  Probe (Chrono Boost)  
  45  3:51  Stalker, Probe (Chrono Boost)  
  47  3:59  Probe (Chrono Boost)  
  47  4:01  Probe (Chrono Boost)  
  49  4:03  Shield Battery  
  49  4:05  Probe  
  49  4:06  Shield Battery  
  49  4:07  Oracle (Chrono Boost)  
  50  4:13  Probe  
  54  4:17  Probe (Chrono Boost)  
  54  4:22  Pylon  
  55  4:25  Probe (Chrono Boost)  
  55  4:29  Probe (Chrono Boost)  
  55  4:31  Assimilator x2  
  57  4:34  Probe (Chrono Boost)  
  57  4:36  Probe (Chrono Boost)  
  59  4:39  Probe (Chrono Boost)  
  59  4:41  Oracle  
  65  4:58  Nexus  
  63  5:00  Probe x2  
  65  5:12  Stalker, Probe x2  
  69  5:21  Pylon  
  69  5:23  Pylon  
  69  5:24  Pylon  
  69  5:27  Pylon  
  69  5:31  Pylon  
  66  5:46  Probe  
  66  5:47  Probe  
  68  5:50  Pylon  
  68  5:58  Probe  
  69  6:08  Assimilator  
  69  6:11  Probe x2  
  71  6:16  Zealot x2  
  75  6:21  Pylon  
  75  6:22  Probe  
  75  6:23  Probe  
  77  6:26  Pylon, Gateway  
  77  6:28  Gateway  
  77  6:29  Shield Battery  
  77  6:33  Probe  
  77  6:34  Probe  
  77  6:35  Probe  
  80  6:42  Assimilator x2  
  80  6:45  Probe  
  80  6:47  Probe  
  82  6:50  Forge  
  82  6:55  Adept x2  
  84  7:03  Probe x2  
  82  7:11  Probe  
  83  7:15  Probe, Stargate  
  83  7:17  Stargate  
  83  7:19  Stargate  
  83  7:21  Probe  
  85  7:23  Probe  
  85  7:28  Probe  
  87  7:33  Probe  
  87  7:35  Probe  
  89  7:37  Nexus  
  89  7:40  Probe  
  90  7:44  Robotics Facility  
  90  7:45  Pylon, Probe  
  90  7:46  Pylon  
  90  7:48  Probe  
  92  7:53  Probe  
  92  7:57  Assimilator, Probe  
  94  8:02  Assimilator  
  94  8:04  Fleet Beacon  
  94  8:05  Protoss Ground Weapons Level 1 (Chrono Boost)  
  94  8:07  Probe x2  
  96  8:16  Twilight Council  
  96  8:19  Probe x2  
  99  8:20  Probe  
  99  8:21  Protoss Air Weapons Level 1 (Chrono Boost)  
  99  8:42  Probe x3  
  99  8:47  Carrier (Chrono Boost)  
  99  8:48  Carrier (Chrono Boost)  
  102  8:50  Phoenix  
  102  8:54  Observer  
  117  8:58  Probe x3  
  120  9:10  Probe x2  
  120  9:15  Carrier (Chrono Boost)  
  120  9:16  Observer  
  123  9:19  Probe  
  123  9:22  Probe x2  
  130  9:37  Immortal, Probe x3  
  130  9:38  Charge (Chrono Boost)  
  130  9:39  Zealot  
  130  9:40  Zealot x3  
  140  9:49  Probe x3, Carrier (Chrono Boost)  
  140  9:52  Carrier (Chrono Boost)  
  147  10:01  Probe x2  
  147  10:02  Probe  
  147  10:06  Nexus  
  156  10:11  Carrier (Chrono Boost)  
  156  10:13  Probe x2  
  156  10:14  Probe  
  159  10:15  Assimilator  
  159  10:17  Pylon, Assimilator  
  159  10:19  Pylon x2  
  159  10:25  Pylon, Probe  
  160  10:29  Probe x2  
  160  10:33  Probe  
  169  10:37  Probe  
  169  10:38  Carrier (Chrono Boost)  
  169  10:41  Probe  
  171  10:47  Observer  
  171  10:49  Robotics Bay  
  172  10:50  Robotics Facility  
  172  10:51  Robotics Facility  
  172  10:52  Stargate  
  172  10:56  Carrier  
  178  11:03  Probe  
  178  11:04  Probe x2  
  181  11:05  Probe  
  181  11:08  Pylon  
  181  11:09  Pylon, Observer  
  183  11:20  Carrier  
  189  11:26  Pylon  
  189  11:27  Pylon  
  189  11:29  Stargate x2  
  189  11:39  Phoenix  
  191  11:52  Warp Prism (Chrono Boost)  
  195  11:58  Colossus (Chrono Boost)  
  195  12:01  Observer (Chrono Boost)  
  192  12:19  Probe x2  
  192  12:20  Probe  
  200  12:38  Nexus  
  200  12:41  Nexus  
  200  12:45  Pylon x2  
  200  12:47  Pylon  
  200  12:48  Pylon  
  200  12:50  Assimilator  
  200  12:51  Assimilator  
  200  12:54  Assimilator  
  200  12:55  Assimilator  
Show
View Real Time Build Order
Export as new Build Order

KYCHEN Zerg - Winner!

Build Orders: Hatch First, Lurkers 

Get SALT Encoding   

  12  0:00  Drone  
  13  0:13  Overlord  
  13  0:18  Drone  
  14  0:31  Drone x2  
  16  0:39  Drone  
  17  0:55  Hatchery  
  16  0:58  Drone  
  16  1:04  Drone  
  18  1:07  Drone  
  19  1:19  Extractor  
  19  1:22  Spawning Pool  
  17  1:26  Drone  
  18  1:36  Drone  
  19  1:40  Drone  
  20  1:50  Overlord  
  20  2:08  Queen  
  20  2:09  Queen  
  20  2:11  Roach Warren  
  20  2:12  Drone  
  24  2:19  Drone  
  24  2:22  Drone x2  
  27  2:29  Overlord  
  27  2:35  Drone  
  28  2:37  Drone  
  29  2:52  Roach x3  
  29  2:56  Roach  
  37  3:02  Queen  
  43  3:12  Roach  
  43  3:13  Overlord, Roach  
  43  3:22  Drone  
  44  3:30  Overlord  
  44  3:32  Overlord  
  44  3:34  Drone  
  45  3:39  Drone x2  
  47  3:43  Lair, Drone  
  48  3:49  Drone  
  49  3:56  Drone x2  
  49  3:59  Drone x2  
  49  4:01  Drone  
  54  4:03  Drone  
  54  4:09  Extractor  
  54  4:10  Extractor, Drone  
  54  4:13  Extractor  
  54  4:14  Drone  
  54  4:15  Drone x2  
  56  4:19  Roach  
  56  4:20  Roach  
  60  4:30  Roach x2  
  66  4:38  Roach x2  
  66  4:39  Overlord  
  66  4:45  Overlord  
  68  4:48  Overlord  
  68  4:52  Spine Crawler  
  67  4:54  Spine Crawler  
  67  4:58  Roach x4  
  74  5:02  Overlord  
  74  5:10  Drone  
  75  5:24  Drone  
  75  5:25  Overlord  
  75  5:28  Hatchery  
  75  5:30  Overlord  
  75  5:38  Hydralisk Den  
  74  5:45  Roach  
  74  5:46  Drone x4  
  74  5:47  Drone x2  
  74  5:48  Drone  
  83  6:00  Glial Reconstitution  
  83  6:03  Drone x4  
  87  6:07  Hydralisk  
  89  6:12  Hydralisk  
  89  6:15  Roach x2  
  89  6:17  Roach  
  97  6:23  Roach  
  99  6:26  Roach  
  99  6:31  Roach  
  103  6:36  Roach  
  103  6:37  Lurker Den, Hydralisk  
  106  6:50  Drone x5  
  106  6:51  Hydralisk x2  
  115  7:04  Grooved Spines  
  115  7:06  Drone  
  115  7:07  Drone x4  
  120  7:15  Evolution Chamber  
  119  7:17  Hydralisk  
  119  7:21  Drone, Overlord  
  122  7:25  Overlord  
  122  7:30  Overlord  
  122  7:33  Extractor, Overlord x2  
  122  7:35  Extractor  
  120  7:40  Evolution Chamber  
  120  7:41  Zerg Missile Weapons Level 1  
  119  7:55  Drone x3  
  119  7:56  Drone x3  
  119  7:57  Overlord  
  125  8:01  Overlord  
  125  8:04  Spine Crawler  
  124  8:07  Lurker  
  124  8:08  Lurker x4, Hydralisk  
  124  8:09  Hydralisk x3  
  124  8:10  Hydralisk  
  139  8:13  Overlord  
  121  8:27  Roach  
  121  8:28  Roach  
  121  8:32  Drone x3  
  112  8:34  Hydralisk x3  
  112  8:35  Hydralisk  
  120  8:42  Hydralisk x2  
  120  8:45  Roach x2  
  120  8:46  Overlord  
  120  8:47  Overseer  
  122  8:52  Lurker x2  
  124  9:07  Roach  
  124  9:08  Roach x7  
  125  9:14  Roach  
  125  9:15  Hydralisk, Roach x2  
  128  9:25  Hydralisk x3  
  128  9:30  Hydralisk x2  
  127  9:40  Roach  
  127  9:41  Roach x2  
  129  9:48  Roach  
  129  9:50  Lurker x4  
  129  9:52  Hydralisk x2  
  131  10:03  Roach x2  
  131  10:04  Roach  
  137  10:12  Roach x2  
  137  10:13  Roach  
  133  10:16  Overseer  
  133  10:20  Roach  
  133  10:27  Roach x2  
  127  10:31  Roach  
  127  10:32  Hatchery  
  127  10:34  Roach  
  127  10:35  Roach  
  132  10:37  Overlord  
  132  10:39  Drone  
  132  10:40  Zerg Missile Weapons Level 2  
  132  10:41  Zerg Ground Armor Level 1  
  131  10:50  Hydralisk x3  
  131  10:51  Hydralisk x2  
  131  10:53  Hydralisk  
  143  11:00  Roach  
  143  11:01  Roach  
  143  11:02  Roach x2  
  149  11:10  Roach  
  149  11:11  Overlord, Roach  
  153  11:16  Roach x2  
  155  11:20  Roach  
  155  11:21  Overlord, Roach  
  159  11:27  Lurker  
  159  11:28  Lurker, Overlord  
  159  11:29  Overlord  
  161  11:34  Roach x2  
  161  11:39  Roach x2  
  169  11:42  Overlord  
  167  11:52  Hydralisk x4  
  175  11:56  Roach x2  
  175  11:58  Lurker x2  
  181  12:05  Hydralisk x2  
  185  12:08  Lurker x2  
  185  12:09  Lurker  
  188  12:16  Hydralisk x2  
  188  12:17  Hydralisk  
  194  12:48  Extractor  
  194  12:49  Extractor  
Tags
 
Add a new tag
Caveats
  • Supply blocks, unpowered buildings, or Contaminate may cause inaccurate times.
  • Supply counts are checked every 10 seconds.